 Dungeon Crawl Stone Soup version 0.18-a0-1293-g5a2c81a (webtiles) character file.

1422 Ijustatesigmund the Skirmisher (level 8, -1/68 HPs)
             Began as a Demonspawn Berserker on Feb 10, 2016.
             Was a Priest of Trog.
             Slain by an unseen horror (3 damage)
             ... on level 6 of the Dungeon.
             The game lasted 00:13:51 (5084 turns).

Ijustatesigmund the Skirmisher (DsBe)               Turns: 5084, Time: 00:13:51

Health: -1/68      AC:  9    Str: 17    XL:     8   Next: 44%
Magic:  8/8        EV: 11    Int: 10    God:    Trog [***...]
Gold:   293        SH:  0    Dex: 16    Spells: 0 memorised, 7 levels left

rFire  . . .     SeeInvis .     a - +1 hand axe
rCold  . . .     Gourm    .     g - +0 ring mail
rNeg   . . .     Faith    +     (no shield)
rPois  .         Spirit   .     (helmet restricted)
rElec  .         Dismiss  .     r - +1 cloak
rCorr  .         Reflect  .     e - +0 pair of gloves
SustAt .         Harm     .     s - +0 pair of boots
MR     ++...                    B - amulet of faith
Stlth  ++........               (no ring)
                                k - +2 ring of slaying

@: regenerating, very resistant to hostile enchantments, unstealthy
A: horns 2, blink, clever 1, nightstalker 1
a: Blink, Berserk, Trog's Hand, Burn Spellbooks, Renounce Religion


You were on level 6 of the Dungeon.
You worshipped Trog.
Trog was most pleased with you.
You were hungry.

You visited 1 branch of the dungeon, and saw 6 of its levels.

You collected 293 gold pieces.

Inventory:

Hand Weapons
 a - a +1 hand axe (weapon)
Armour
 e - a +0 pair of gloves (worn)
 g - a +0 ring mail (worn)
 r - a +1 cloak (worn)
 s - a +0 pair of boots (worn)
Jewellery
 k - a +2 ring of slaying (left hand)
 B - an amulet of faith (around neck)
 D - an uncursed ring of ice {unknown}
Wands
 t - a wand of enslavement (10/24)
 u - a wand of flame (21/48)
Scrolls
 l - a scroll of blinking
 v - a scroll of enchant weapon
 w - a scroll of recharging
 x - 2 scrolls of identify
 y - a scroll of remove curse
 z - a scroll of teleportation
Potions
 b - a potion of degeneration {unknown}
 d - a potion of might {unknown}
 h - a potion of magic
 j - a potion of resistance {unknown}
 m - 2 potions of lignification {unknown}
 q - a potion of beneficial mutation {unknown}
 E - a potion of haste {unknown}
Comestibles
 c - 3 bread rations
 i - 3 meat rations
 o - 12 fruits
 p - a slice of pizza
 A - 2 royal jellies
 C - 2 chunks of flesh


   Skills:
 + Level 7.8 Fighting
 + Level 7.2 Axes
 - Level 2.1 Armour
 - Level 2.1 Dodging


You had 7 spell levels left.
You didn't know any spells.

Dungeon Overview and Level Annotations

Branches:
Dungeon (6/15)
 Temple: D:4-7

Altars:
Ru
Yredelemnul


Innate Abilities, Weirdness & Mutations

You have a pair of horns on your head.
You are slightly more attuned to the shadows.
You can translocate small distances at will.
Your mind is acute. (Int +2)


Message History

* * * LOW HITPOINT WARNING * * *
You swing at nothing.
Something hits you!
* * * LOW HITPOINT WARNING * * *
You swing at nothing.
Something hits you but does no damage.
You swing at nothing.
Something hits you.
* * * LOW HITPOINT WARNING * * *
Drink which item? (? for menu, Esc to quit)
You feel better. Something hits you!
* * * LOW HITPOINT WARNING * * *
Something hits you but does no damage.
Your skin crawls.
You feel resistant to hostile enchantments.
You feel slightly more hungry.
You can no longer call in reinforcements.
Something hits you.
* * * LOW HITPOINT WARNING * * *
Something hits you.
* * * LOW HITPOINT WARNING * * *
Something hits you.
You die...

... #....# #(#.# #.##.# #.#.#
#.##.# #. . ..#.# #.##.# #.
.###.#.# #.##.# #. ...[?#.######
#.##.####### #. ..>..#.#....#
#.##.......# #.
#.#...(#....####.########.######.
......).....'...@.......>........
............############..###....
....####....# #..###.... ....#
#....# #......... ....# #....#
#......... ....# #....#
#####...## ##+### #####.###.
..........† ..........#


There were no monsters in sight!

Vanquished Creatures
  Eustachio (D:4)
  Menkaure (D:5)
  The ghost of Uberwunderbarhen the Insei, an amateur OpTm (D:5)
  Duvessa (D:4)
  A black bear (D:5)
  The ghost of Tomstefer the Magician, an amateur GrFE (D:3)
  A giant frog (D:6)
  Dowan (D:4)
  A giant frog zombie (D:6)
  3 crimson imps
  2 giant frog skeletons
  A hound (D:6)
  Crazy Yiuf (D:5)
  2 jellies
  2 worker ants
  A hound skeleton (D:4)
  A worker ant zombie (D:5)
  5 gnolls
  9 adders
  3 oozes (D:1)
  4 worms
  An adder skeleton (D:4)
  A giant gecko (D:5)
  5 orcs
  14 giant cockroaches
  2 gnoll zombies (D:5)
  8 goblins
  8 hobgoblins
  14 jackals
  10 kobolds
  3 quokkas
  A ball python (D:1)
  12 bats
  A giant gecko skeleton (D:3)
  A giant newt (D:5)
  16 rats
140 creatures vanquished.

Notes
Turn   | Place    | Note
--------------------------------------------------------------
     0 | D:1      | Ijustatesigmund the Demonspawn Berserker began the quest for the Orb.
     0 | D:1      | Reached XP level 1. HP: 18/18 MP: 1/1
     1 | D:1      | Found a runed door.
     1 | D:1      | Noticed a jelly
   462 | D:1      | Gained mutation: You are slightly more attuned to the shadows. [demonic ancestry]
   462 | D:1      | Reached XP level 2. HP: 24/24 MP: 2/2
   529 | D:1      | Reached ** piety under Trog
  1225 | D:1      | Reached XP level 3. HP: 26/29 MP: 3/3
  1346 | D:1      | Reached XP level 4. HP: 37/37 MP: 4/4
  1360 | D:1      | Reached skill level 4 in Fighting
  1666 | D:2      | Gained mutation: You have a pair of small horns on your head. [demonic ancestry]
  1666 | D:2      | Reached XP level 5. HP: 41/43 MP: 5/5
  1699 | D:2      | Gained mutation: Your mind is acute. (Int +2) [potion of mutation]
  1699 | D:2      | Gained mutation: You can translocate small distances at will. [potion of mutation]
  1699 | D:2      | Gained mutation: You have a pair of horns on your head. [potion of mutation]
  1865 | D:2      | Reached *** piety under Trog
  2181 | D:2      | Found a sacrificial altar of Ru.
  2819 | D:3      | Noticed Tomstefer's ghost (amateur GrFE)
  2831 | D:3      | Killed Tomstefer's ghost
  2831 | D:3      | Reached skill level 5 in Fighting
  2831 | D:3      | Reached XP level 6. HP: 51/51 MP: 6/6
  3491 | D:4      | Reached skill level 5 in Axes
  3819 | D:4      | Noticed Eustachio
  3839 | D:4      | Killed Eustachio
  3839 | D:4      | Reached XP level 7. HP: 57/57 MP: 7/7
  3945 | D:4      | Noticed Duvessa
  3945 | D:4      | Noticed Dowan
  3954 | D:4      | Reached skill level 6 in Fighting
  3956 | D:4      | Killed Duvessa
  3958 | D:4      | Killed Dowan
  4168 | D:5      | Entered Level 5 of the Dungeon
  4182 | D:5      | Noticed Menkaure
  4187 | D:5      | Killed Menkaure
  4216 | D:5      | Noticed Uberwunderbarhen's ghost (amateur OpTm)
  4439 | D:5      | Reached skill level 7 in Fighting
  4464 | D:5      | Reached XP level 8. HP: 59/67 MP: 8/8
  4537 | D:5      | Found a basalt altar of Yredelemnul.
  4651 | D:5      | Killed Uberwunderbarhen's ghost
  4856 | D:5      | Noticed Crazy Yiuf
  4861 | D:5      | Killed Crazy Yiuf
  5038 | D:6      | Reached **** piety under Trog
  5079 | D:6      | HP: 2/68 [something (3)]
  5084 | D:6      | Slain by an unseen horror

Vault maps used:
D:1:      dpeg_arrival_caged_fury
D:2:      nicolae_ru_path_of_blood
D:4:      uniq_eustachio, uniq_duvessa
D:5:      black_bear_nest_2, lemuel_zombie_altar_yredelemnul, first_bread,
          hangedman_decor_opposing, uniq_menkaure, uniq_crazy_yiuf_cottage
D:6:      kennysheep_mini_moat, hangedman_abyss_or_decor_jellyfish_corner

Action                   |  1- 3 |  4- 6 |  7- 9 || total
-------------------------+-------+-------+-------++-------
Melee: Hand axe          |   104 |   243 |    97 ||   444
Invok: Berserk           |     2 |     4 |     4 ||    10
       Trog's Hand       |     2 |     3 |     3 ||     8
 Abil: Blink             |       |       |     1 ||     1
  Use: Scroll            |     7 |     5 |     1 ||    13
       Potion            |       |     1 |     2 ||     3
 Stab: Sleeping          |     2 |     2 |     3 ||     7
  Eat: Chunk             |     3 |     6 |     8 ||    17
       Pizza             |       |     1 |       ||     1
       Bread ration      |       |     1 |       ||     1
       Beef jerky        |       |       |     1 ||     1
